 Dungeon Crawl Stone Soup version 0.31-a0-507-gbafd7f5274 (webtiles) character file.

Game seed: 7061587533400239036

472 Rojo the Covered (level 7, -1/55 HPs)
             Began as a Human Berserker on Aug 10, 2023.
             Was a Priest of Trog.
             Slain by an orc
             ... wielding a +0 trident
              (7 damage)
             ... on level 4 of the Dungeon.
             The game lasted 00:26:10 (3275 turns).

Rojo the Covered (Human Berserker)                  Turns: 3275, Time: 00:26:18

Health: -1/55      AC:  8    Str: 20    XL:     7   Next: 31%
Magic:  7/7        EV: 12    Int:  7    God:    Trog [***...]
Gold:   168        SH:  0    Dex: 12    Spells: 6/6 levels left

rFire   . . .        f - +1 mace (heavy)
rCold   . . .        (no shield)
rNeg    . . .        y - +1 ring mail of Vodivifu {rElec Regen+}
rPois   .            (no helmet)
rElec   +            (no cloak)
rCorr   +            w - +0 pair of gloves
SInv    .            (no boots)
Will    .....        (no amulet)
Stlth   +            E - ring of resist corrosion
HPRegen 1.09/turn    (no ring)
MPRegen 0.10/turn

%: no passive effects
@: attractive
A: no striking features
a: Renounce Religion, Berserk, Trog's Hand


You were on level 4 of the Dungeon.
You worshipped Trog.
Trog was most pleased with you.
You visited 1 branch of the dungeon, and saw 4 of its levels.

You collected 168 gold pieces.

Inventory:

Hand Weapons
 a - a +0 hand axe
 e - a +0 whip
 f - a +1 heavy mace (weapon)
 g - a +0 short sword
 i - a +1 whip of freezing
 j - a +0 club
 k - a +0 dagger
 l - a +0 club
 n - a +0 short sword
 q - a +0 dagger
 r - a +0 dagger
 t - a +0 club
 z - a +0 short sword
 B - a +0 club
 C - a +0 club
 D - a +0 short sword
 J - a +0 sling
 K - a +0 dagger
 O - a +0 club
 P - a +0 club
 S - a +0 dagger
 T - a +0 hand axe
 U - a +0 flail
 V - a +0 halberd
 W - a +0 mace
 X - a +0 whip
Missiles
 o - 24 stones
Armour
 b - a +0 animal skin
 m - a +0 leather armour
 p - a +0 robe
 s - a +0 chain mail
 u - a +0 scale mail
 w - a +0 pair of gloves (worn)
 y - the +1 ring mail of Vodivifu (worn) {rElec Regen+}
   (You found it on level 2 of the Dungeon)

   rElec:     It insulates you from electricity.
   Regen+:    It increases your rate of health regeneration.
 I - a +0 leather armour
 L - a +0 plate armour
 Y - a +3 leather armour
 Z - a +2 robe of willpower
Jewellery
 E - a ring of resist corrosion (left hand)
Talismans
 F - a maw talisman
 H - a blade talisman
Scrolls
 c - a scroll of blinking {unknown}
 h - a scroll of immolation {unknown}
 v - a scroll of revelation {unknown}
 x - 5 scrolls of identify {unknown}
 A - a scroll of teleportation {unknown}
 Q - a scroll of fear {unknown}
Potions
 d - 3 potions of curing {unknown}
 G - 3 potions of enlightenment {unknown}
 N - 2 potions of brilliance {unknown}


   Skills:
 + Level 4.3 Fighting
 + Level 3.5(4.1) Axes
 + Level 3.1(3.9) Maces & Flails
 + Level 4.4 Armour
 + Level 3.5 Dodging
 + Level 0.6 Stealth


You had 6 spell levels left.
You didn't know any spells.
Your spell library contained the following spells:

 Spells                   Type           Power      Damage    Failure   Level
 Call Canine Familiar     Summ           0%         N/A       92%         3
 Ozocubu's Armour         Ice            0%         N/A       92%         3
 Portal Projectile        Hex/Tloc       0%         N/A       92%         3
 Leda's Liquefaction      Hex/Erth       0%         N/A       100%        4
 Ozocubu's Refrigeration  Ice            0%         4d7       100%        7


Dungeon Overview and Level Annotations

Branches:
Dungeon (4/15)
 Temple: D:4-7

Altars:


Message History

You're too confused to move!
Something hits you but does no damage. The orc closely misses you.
The orc barely misses you. The orc misses you.
You miss the orc.
The orc is heavily wounded.
You feel less confused. Something hits you.
The orc hits you but does no damage. The orc hits you with a +0 trident.
The orc hits you but does no damage. Something hits you but does no damage.
The orc closely misses you. The orc hits you but does no damage.
The orc barely misses you.
You sock the orc!
You kill the orc!
Trog accepts your kill.
You hear some strange, mumbled words.
Something tries to affect you, but you resist.
The orc barely misses you. The orc hits you but does no damage.
The orc hits you from afar with a +0 trident.
You hear some strange, mumbled words.
A puff of flame appears from out of thin air!
The puff of flame hits you! The orc closely misses you.
The orc hits you but does no damage.
You closely miss something. Something hits you but does no damage.
The orc hits you with a +0 whip. The orc hits you but does no damage.
Something hits you.
The orc hits you from afar with a +0 trident.
The orc closely misses you.
You hit something.
You hear some strange, mumbled words.
A magic dart appears from out of thin air!
The magic dart hits you! The orc hits you with a +0 whip.
* * * LOW HITPOINT WARNING * * *
The orc hits you from afar with a +0 trident!
* * * LOW HITPOINT WARNING * * *
Something hits you but does no damage. The orc barely misses you. x2
It was a potion of attraction.
You feel attractive to monsters. The orc hits you with a +0 whip.
* * * LOW HITPOINT WARNING * * *
Something hits you but does no damage.
The orc hits you from afar with a +0 trident!
You die...

#................###)
...#................##..
...#....<...........##.#
#...##..............#.#
#..##.............#....
###.....#........######..
.....#..###..#...# #.#
........###.##..... #.#
#........@{).##...#.. ..#
#.....##.#oo.......##
#... #####...#..###..#..
..#. ###.#.........# #..
. #.........##...# ... #
#.........# ...
........#...... .
...............
........##......


You could see 2 orcs.

Vanquished Creatures
  A black bear (D:4)
  2 phantoms
  A scorpion (D:4)
  An orc priest (D:4)
  A gnoll (D:1)
  3 adders
  A worm (D:2)
  10 orcs
  7 endoplasms
  6 giant cockroaches
  8 hobgoblins
  3 jackals (D:2)
  6 kobolds
  4 quokkas
  9 ball pythons
  4 bats
  3 frilled lizards
  15 goblins
  4 rats
89 creatures vanquished.

Notes
Turn   | Place    | Note
-------+----------+-------------------------------------------
     0 | D:1      | Rojo the Human Berserker began the quest for the Orb.
     0 | D:1      | Reached XP level 1. HP: 18/18 MP: 1/1
   288 | D:1      | Reached XP level 2. HP: 23/24 MP: 2/2
   317 | D:1      | Reached XP level 3. HP: 11/29 MP: 3/3
   729 | D:1      | Reached ** piety under Trog
  1195 | D:2      | Identified the +1 ring mail of Vodivifu {rElec Regen+}
  1313 | D:2      | Reached XP level 4. HP: 37/37 MP: 4/4
  1466 | D:2      | Reached skill level 1 in Maces & Flails
  2695 | D:3      | Reached XP level 5. HP: 15/42 MP: 5/5
  2899 | D:3      | Noticed a phantom
  2909 | D:3      | Killed a phantom
  2924 | D:3      | Reached *** piety under Trog
  3110 | D:4      | Reached XP level 6. HP: 42/48 MP: 6/6
  3155 | D:4      | Noticed a black bear
  3178 | D:4      | Killed a black bear
  3187 | D:4      | Reached XP level 7. HP: 32/54 MP: 7/7
  3275 | D:4      | Slain by an orc

Illustrated notes

Levels and vault maps discovered:
D:1:      minmay_arrival_plants_in_alcoves, layout_loops_ring,
          nicolae_grassy_gnolls
D:2:      layout_basic
D:3:      minmay_bubble_buster, layout_basic
D:4:      layout_rooms, minmay_misc_feat_columns

Skill      XL: |  1  2  3  4  5  6  7 |
---------------+----------------------+-----
Maces & Flails | 1 2 3 |  3.1
Fighting       | 4 |  4.3
Armour         | 3 4 |  4.4
Dodging        | 3 |  3.5
Axes           | |  3.5
Stealth        | |  0.6

Action                     |  1- 3 |  4- 6 |  7- 9 || total
---------------------------+-------+-------+-------++-------
  Melee: Mace              |    94 |   139 |    19 ||   252
         Hand axe          |     1 |       |       ||     1
         Punch             |     1 |     1 |       ||     2
    Use: Potion            |       |       |     1 ||     1
 Armour: Animal skin       |    12 |       |       ||    12
         Chain mail        |    28 |       |       ||    28
         Ring mail         |     5 |   136 |    34 ||   175
  Dodge: Dodged            |    59 |   211 |    46 ||   316

Table legend: (Time is in decaauts)
 A = Elapsed time spent in this place.
 B = Non-inter-level travel time spent in this place.
 C = Inter-level travel time spent in this place.
 D = Time resting spent in this place.
 E = Time spent auto-exploring this place.
 F = Levels seen in this place.
 G = Mean time per level.
                   A        B        C        D        E       F      G
               +--------+--------+--------+--------+--------+-----+--------+
         Total |   3506 |   3344 |    162 |      0 |      0 |   4 |  876.5 |
       Dungeon |   3506 |   3344 |    162 |      0 |      0 |   4 |  876.5 |
               +--------+--------+--------+--------+--------+-----+--------+

Top non-repeatable levels by time:
     D:1: 1211 daAuts
     D:3: 1034 daAuts
     D:2: 1031 daAuts
     D:4: 229 daAuts
